 Dungeon Crawl Stone Soup version 0.24-a0-504-gcfb02b9d07 (webtiles) character file.

Game seed: 6819523323099620940

522 deorigin the Ogre Mage (level 7, -1/65 HPs)
             Began as an Ogre Wizard on July 16, 2019.
             Slain by an ufetubus (2 damage)
             ... summoned by Eustachio
             ... on level 4 of the Dungeon.
             The game lasted 00:18:29 (6056 turns).

deorigin the Ogre Mage (Ogre Wizard)                Turns: 6056, Time: 00:18:29

Health: -1/65      AC:  3    Str: 12      XL:     7   Next: 22%
Magic:  0/14       EV:  9    Int: 21      God:
Gold:   165        SH:  0    Dex:  3 (7)  Spells: 5/16 levels left

rFire    . . .     SeeInvis .   y - +0 giant club
rCold    . . .     Gourm    .   (shield currently unavailable)
rNeg     . . .     Faith    .   a - +0 robe
rPois    .         Spirit   +   b - +0 hat
rElec    .         Reflect  .   n - scarf {Spirit}
rCorr    .         Harm     .   (gloves unavailable)
MR       .....                  (boots unavailable)
Stlth    +.........             (no amulet)
HPRegen  0.20/turn              (no ring)
MPRegen  0.14/turn              (no ring)

@: no status effects
A: large, unfitting armour, tough skin 1
a: no special abilities


You were on level 4 of the Dungeon.
You were hungry.

You visited 1 branch of the dungeon, and saw 5 of its levels.

You collected 165 gold pieces.

Inventory:

Hand Weapons
 e - a +0 dagger
 h - a +0 club
 i - a +0 short sword of holy wrath
 p - a +0 hunting sling
 u - a +1 dagger of venom
 y - a +0 giant club (weapon)
Missiles
 g - 19 poisoned darts (quivered)
 k - 79 stones
 v - 6 boomerangs
 B - 5 javelins
Armour
 a - a +0 robe (worn)
 b - a +0 hat (worn)
 j - a +0 shield
 n - a scarf of spirit shield (worn)
 x - the -5 cloak of Zaniskod {rElec}
   (You found it on level 4 of the Dungeon)

   It insulates you from electricity.
Wands
 q - a wand of enslavement (6)
 t - a wand of flame (21)
Scrolls
 c - a scroll of blinking {unknown}
 f - a scroll of immolation {unknown}
 m - a scroll of enchant weapon {unknown}
 o - a scroll of remove curse
 s - 2 scrolls of magic mapping
 C - a scroll of fog {unknown}
Potions
 r - 2 potions of might
 z - a potion of flight
 A - a potion of invisibility {unknown}
 D - a potion of agility {unknown}
Comestibles
 d - 11 rations


   Skills:
 - Level 2.2 Fighting
 + Level 2.7 Maces & Flails
 - Level 1.7 Dodging
 - Level 1.4 Stealth
 - Level 3.1 Shields
 - Level 5.1 Spellcasting
 - Level 2.0 Conjurations
 - Level 2.0 Summonings
 - Level 0.8 Translocations
 - Level 1.2 Air Magic
 - Level 1.0 Poison Magic


You had 5 spell levels left.
You knew the following spells:

 Your Spells              Type           Power        Failure   Level  Hunger
a - Magic Dart            Conj           ##..         4%          1    None
b - Call Imp              Summ           ##......     7%          2    None
c - Blink                 Tloc           N/A          12%         2    None
d - Mephitic Cloud        Conj/Pois/Air  ##......     19%         3    ##.....
e - Conjure Flame         Conj/Fire      #.......     22%         3    ##.....

Your spell library contained the following spells:

 Spells                   Type           Power        Failure   Level  Hunger
 Slow                     Hex            #.......     16%         2    None


Dungeon Overview and Level Annotations

Branches:
Dungeon (5/15)
 Temple: D:4-7

Altars:

Annotations:
D:3 1 runed translucent door, Crazy Yiuf
D:4 Eustachio


Innate Abilities, Weirdness & Mutations

You are too large for most types of armour.
You have tough skin. (AC +1)


Message History

Eustachio mumbles some strange words.
Eustachio blinks!
The ufetubus hits you but does no damage.
The ufetubus barely misses you. The river rat barely misses you.
The iron imp closely misses you.
You miss Eustachio.
Eustachio is severely wounded.
The ufetubus barely misses you. The ufetubus closely misses you.
The river rat bites you.
* * * LOW HITPOINT WARNING * * *
The ufetubus hits you.
* * * LOW HITPOINT WARNING * * *
The ufetubus hits you.
* * * LOW HITPOINT WARNING * * *
Eustachio hits you with a +0 rapier.
* * * LOW HITPOINT WARNING * * *
The iron imp barely misses you. The river rat bites you.
* * * LOW HITPOINT WARNING * * *
The ufetubus barely misses you. The ufetubus hits you.
You die...

#.....# ####......###### #.#####
######## #......# #.#
#......###......######
#.#########......##.......#.....
#................##.......#.####
#................##.......#'###
##................##..........r##
...............5r@...........r@.5
##............r5@.##...#......5##
............##b#.###...#.......#
...............#.#######.......##
...........................#.....
..................#######.##.....
.....###.........................
.....# ##..........#####.........
.....# ########.......#.........
.....# #.......##.##.....


You could see Eustachio, an iron imp, 2 river rats, an ufetubus and a bat.

Vanquished Creatures
  An orc priest (D:4)
  2 bullfrog skeletons (D:4)
  3 hounds (D:4)
  A worker ant (D:4)
  A gnoll (D:3)
  3 adders
  A dart slug (D:1)
  A worm (D:2)
  3 leopard geckos
  5 orcs
  5 giant cockroaches
  11 goblins
  5 hobgoblins
  2 jackals
  3 kobolds
  2 quokkas
  4 bats
  8 frilled lizards
  4 rats
65 creatures vanquished.

Vanquished Creatures (collateral kills)
  Sigmund (D:3)
  An ogre (D:4)
  Ijyb (D:3)
  Natasha (thrice) (D:3)
  A worker ant (D:4)
  2 gnolls
  An adder (D:2)
  A leopard gecko (D:3)
  A giant cockroach (D:2)
  3 goblins (D:3)
  A hobgoblin (D:2)
  3 jackals (D:2)
  A frilled lizard (D:3)
  A rat (D:3)
21 creatures vanquished.

Grand Total: 86 creatures vanquished

Notes
Turn   | Place    | Note
-------+----------+-------------------------------------------
     0 | D:1      | deorigin the Ogre Wizard began the quest for the Orb.
     0 | D:1      | Reached XP level 1. HP: 16/16 MP: 5/5
    74 | D:1      | Reached skill level 1 in Conjurations
   246 | D:1      | Reached skill level 4 in Spellcasting
   246 | D:1      | Reached XP level 2. HP: 15/24 MP: 4/7
   250 | D:1      | Learned a level 2 spell: Call Imp
   253 | D:1      | Learned a level 2 spell: Blink
   605 | D:1      | Reached skill level 1 in Summonings
  1470 | D:2      | Reached XP level 3. HP: 31/32 MP: 1/8
  1850 | D:2      | Reached skill level 1 in Fighting
  2548 | D:3      | Reached XP level 4. HP: 41/41 MP: 4/10
  2612 | D:3      | Learned a level 3 spell: Mephitic Cloud
  2616 | D:3      | Learned a level 3 spell: Conjure Flame
  2644 | D:3      | Reached skill level 1 in Shields
  2789 | D:3      | Noticed Natasha
  2910 | D:3      | Noticed Ijyb
  3360 | D:3      | Killed Ijyb
  3371 | D:3      | Killed Natasha
  3371 | D:3      | Reached XP level 5. HP: 49/49 MP: 9/12
  3561 | D:3      | Noticed Natasha
  3568 | D:3      | Killed Natasha
  3645 | D:3      | Noticed Sigmund
  3654 | D:3      | Killed Sigmund
  3654 | D:3      | Reached skill level 5 in Spellcasting
  3654 | D:3      | Reached skill level 1 in Air Magic
  3654 | D:3      | Reached skill level 1 in Poison Magic
  3654 | D:3      | Reached XP level 6. HP: 57/57 MP: 0/13
  3864 | D:3      | Noticed Natasha
  3916 | D:3      | Found a runed translucent door.
  3917 | D:3      | Noticed Crazy Yiuf
  3975 | D:3      | Killed Natasha
  4771 | D:4      | Reached skill level 1 in Maces & Flails
  4992 | D:4      | Got a smoking cloak
  5003 | D:4      | Identified the cursed -5 cloak of Zaniskod {rElec} (You
                  | found it on level 4 of the Dungeon)
  5206 | D:4      | Reached XP level 7. HP: 58/65 MP: 10/14
  5483 | D:5      | Entered Level 5 of the Dungeon
  5483 | D:5      | Noticed Eustachio
  6056 | D:4      | HP: 1/65 [river rat[Eustachio] (6)]
  6056 | D:4      | Slain by an ufetubus

Levels and vault maps discovered:
D:1:      eino_arrival_water_cross, layout_basic, chequers_garden
D:2:      layout_basic
D:3:      layout_rooms, minmay_ogre_servants, uniq_sigmund, uniq_ijyb,
          uniq_crazy_yiuf_cottage, uniq_natasha
D:4:      layout_basic, first_ration
D:5:      layout_rooms, gammafunk_ghost_grave, uniq_grinder, uniq_eustachio

Skill      XL: |  1  2  3  4  5  6  7 |
---------------+----------------------+-----
Conjurations   | 1 2 |  2.0
Spellcasting   | 4 5 |  5.1
Summonings     | 1 2 |  2.0
Fighting       | 1 2 |  2.2
Shields        | 1 3 |  3.1
Air Magic      | 1 |  1.2
Poison Magic   | 1 |  1.0
Maces & Flails | 1 2 |  2.7
Dodging        | |  1.7
Stealth        | |  1.4
Translocations | |  0.8

Action                   |  1- 3 |  4- 6 |  7- 9 || total
-------------------------+-------+-------+-------++-------
Melee: Club              |    42 |    39 |       ||    81
       Dagger            |     1 |       |       ||     1
       Giant club        |       |    17 |    51 ||    68
 Cast: Magic Dart        |    85 |    79 |    22 ||   186
       Call Imp          |     8 |    34 |     2 ||    44
       Blink             |       |     1 |       ||     1
       Mephitic Cloud    |       |     1 |       ||     1
       Conjure Flame     |       |     1 |       ||     1
  Use: Scroll            |       |     2 |     3 ||     5
       Potion            |       |       |     1 ||     1
 Stab: Distracted        |       |     1 |       ||     1
  Eat: Chunk             |     5 |     5 |     2 ||    12
       Ration            |       |     1 |       ||     1
Armor: Robe              |    27 |    22 |    34 ||    83
Dodge: Dodged            |    37 |    66 |    79 ||   182

Table legend:
 A = Non-vault XP
 B = Vault XP
 C = Vault XP percentage of total XP
 D = Non-vault monster count
 E = Vault monster count
 F = Vault count percentage of total count
                 A         B        C        D         E       F
            +---------+---------+-------+---------+---------+-------
      Total |     577 |     169 |  22.7 |      76 |      10 |  11.6
            +---------+---------+-------+---------+---------+-------
        D:1 |      26 |       0 |   0.0 |      13 |       0 |   0.0
        D:2 |      57 |       2 |   3.4 |      22 |       1 |   4.3
        D:3 |     112 |     167 |  59.9 |      24 |       9 |  27.3
        D:4 |     382 |       0 |   0.0 |      17 |       0 |   0.0
            +---------+---------+-------+---------+---------+-------
